Map: Todesaura LE

Players

fleisch

  • Race: Zerg Zerg
  • League: Diamond
  • Spawn Location: 11:00

Zabura - Winner!

  • Race: Protoss Protoss
  • League: Master
  • Spawn Location: 5:00

VOD

Have the link to the VOD?

Description

Time

  • Played on: Oct. 24, 2020, 12:44 p.m.
  • Length: 17:54
Show
View Real Time Build Order
Export as new Build Order

fleisch Zerg 

Build Orders: Pool First, Lurkers 

Get SALT Encoding   

  12  0:00  Drone  
  13  0:12  Overlord  
  13  0:17  Drone  
  14  0:31  Drone  
  14  0:32  Drone  
  16  0:43  Spawning Pool  
  16  0:48  Drone  
  16  0:51  Drone  
  17  1:04  Extractor  
  16  1:14  Hatchery  
  15  1:19  Drone  
  16  1:31  Zergling x4  
  18  1:34  Queen  
  20  1:44  Overlord  
  20  1:50  Drone  
  21  1:58  Drone  
  22  2:10  Queen  
  24  2:18  Metabolic Boost  
  24  2:24  Drone x2  
  26  2:35  Drone  
  26  2:36  Drone  
  28  2:44  Drone x5  
  33  2:52  Overlord  
  33  3:06  Hatchery  
  33  3:10  Queen  
  34  3:15  Zergling x4  
  36  3:25  Overlord  
  36  3:31  Drone, Extractor  
  36  3:32  Extractor  
  35  3:44  Drone x3  
  35  3:45  Drone x4  
  40  3:52  Overlord  
  40  3:56  Drone  
  43  4:07  Extractor  
  43  4:08  Roach Warren, Drone x2  
  43  4:10  Drone  
  44  4:17  Drone  
  44  4:23  Lair  
  44  4:24  Drone x2  
  44  4:27  Drone  
  46  4:34  Drone x3  
  46  4:38  Spore Crawler  
  48  4:44  Drone x2  
  48  4:45  Overlord  
  50  4:51  Drone x4  
  53  4:57  Zergling x10  
  56  5:03  Hatchery  
  54  5:11  Spore Crawler  
  53  5:15  Drone x4  
  53  5:17  Overlord x2  
  57  5:23  Overseer  
  57  5:27  Overlord  
  57  5:38  Roach x8  
  72  5:49  Overlord x3  
  72  5:55  Extractor  
  71  6:03  Zergling x14  
  77  6:07  Glial Reconstitution  
  64  6:20  Drone x9  
  69  6:25  Overlord  
  69  6:26  Pneumatized Carapace  
  69  6:50  Ravager x2  
  69  6:51  Overlord x3  
  69  6:53  Queen  
  73  6:54  Drone  
  73  6:55  Drone x6  
  73  6:58  Extractor  
  79  7:01  Baneling Nest  
  79  7:07  Queen  
  80  7:14  Zergling x2  
  80  7:15  Zergling x14  
  88  7:19  Hatchery  
  87  7:27  Overseer  
  86  7:32  Drone x10  
  96  7:41  Extractor  
  95  7:44  Centrifical Hooks  
  95  7:47  Baneling x10  
  95  7:50  Spore Crawler  
  94  7:52  Drone x10  
  104  8:09  Overlord  
  104  8:21  Roach x2  
  108  8:27  Spine Crawler  
  108  8:28  Spine Crawler  
  108  8:29  Roach x6  
  108  8:30  Spine Crawler, Infestation Pit  
  108  8:32  Drone x9  
  125  8:34  Extractor  
  125  8:38  Drone x3  
  125  8:40  Queen  
  129  8:45  Extractor  
  129  8:47  Drone x3  
  131  8:53  Hydralisk Den  
  130  8:55  Evolution Chamber  
  130  8:58  Spore Crawler  
  125  9:11  Zergling x16  
  125  9:12  Zergling x14  
  140  9:19  Baneling x5  
  140  9:22  Hive  
  140  9:26  Hydralisk x6  
  140  9:27  Lurker Den, Hydralisk  
  153  9:31  Queen  
  153  9:33  Overlord x5  
  150  9:53  Overlord  
  150  9:58  Spine Crawler  
  150  9:59  Spine Crawler  
  144  10:07  Queen  
  146  10:15  Zerg Missile Weapons Level 1  
  146  10:19  Extractor  
  139  10:44  Lurker x4  
  139  10:45  Lurker x3  
  139  10:46  Adaptive Talons  
  146  10:52  Viper x2  
  146  10:55  Zergling x10  
  157  11:06  Hatchery  
  157  11:08  Extractor  
  157  11:09  Extractor  
  151  11:19  Overlord  
  151  11:20  Overlord x2  
  147  11:30  Spine Crawler  
  147  11:31  Zergling x12  
  147  11:32  Zergling x40  
  172  11:33  Zergling x4  
  173  11:40  Baneling x6  
  173  11:41  Baneling  
  173  11:44  Seismic Spines  
  170  12:13  Hydralisk x10  
  186  12:27  Zerg Melee Weapons Level 1  
  186  12:29  Adrenal Glands  
  186  12:30  Evolution Chamber  
  180  12:51  Baneling x2  
  180  12:55  Zergling x12  
  180  12:56  Zergling x14  
  180  12:57  Zergling x2  
  142  13:32  Hydralisk  
  142  13:33  Hydralisk x24, Overseer  
  183  13:36  Baneling x4  
  183  13:37  Baneling x16  
  183  13:38  Baneling  
  167  14:01  Zergling x2  
  167  14:02  Zergling x24  
  172  14:03  Zergling x2  
  169  14:11  Lurker x6  
  172  14:23  Zerg Missile Weapons Level 2, Zerg Melee Weapons Level 2  
  158  14:41  Overlord x9  
  158  14:42  Overseer x4  
  158  14:48  Spire  
  157  15:00  Roach x8  
  155  15:13  Roach x5  
  102  15:28  Hydralisk  
  102  15:29  Hydralisk x16  
  102  15:32  Hatchery  
  133  15:59  Lurker x8  
  141  16:16  Drone x3  
  144  16:19  Drone x4  
  145  16:57  Hydralisk x4  
  145  16:58  Hydralisk x4  
  145  17:07  Drone x3  
Show
View Real Time Build Order
Export as new Build Order

Zabura Protoss - Winner!

Build Orders: Oracle Opening, Zealot Archon 

Get SALT Encoding   

  12  0:00  Probe  
  13  0:12  Probe  
  14  0:18  Pylon  
  14  0:24  Probe  
  15  0:36  Probe (Chrono Boost)  
  16  0:44  Gateway  
  16  0:46  Assimilator, Probe (Chrono Boost)  
  17  0:51  Probe (Chrono Boost)  
  18  1:03  Probe  
  19  1:15  Probe  
  20  1:25  Gateway  
  20  1:28  Pylon  
  20  1:31  Zealot (Chrono Boost)  
  22  1:33  Cybernetics Core  
  22  1:38  Probe  
  23  1:42  Assimilator  
  23  1:52  Probe  
  24  1:55  Zealot (Chrono Boost)  
  26  2:04  Probe  
  26  2:06  Pylon  
  27  2:10  Warp Gate  
  27  2:15  Stalker (Chrono Boost)  
  31  2:27  Adept (Chrono Boost)  
  31  2:46  Twilight Council  
  31  2:59  Nexus  
  31  3:05  Probe  
  32  3:14  Stargate  
  32  3:18  Charge (Chrono Boost)  
  32  3:20  Probe  
  33  3:32  Probe  
  34  3:44  Probe  
  33  3:56  Gateway, Probe  
  33  3:57  Gateway  
  33  3:58  Oracle  
  37  4:07  Zealot  
  39  4:15  Pylon  
  39  4:22  Zealot  
  39  4:23  Probe x2  
  43  4:35  Probe x2  
  45  4:40  Zealot  
  47  4:47  Probe x2  
  49  4:56  Robotics Facility  
  49  4:59  Probe x2  
  51  5:11  Probe x2  
  51  5:13  Zealot x4  
  61  5:21  Templar Archives  
  61  5:23  Probe  
  61  5:25  Assimilator  
  61  5:28  Assimilator  
  62  5:43  Nexus  
  62  5:52  Pylon  
  62  5:58  Pylon  
  62  6:03  Probe x2  
  62  6:07  High Templar  
  62  6:10  Immortal (Chrono Boost)  
  66  6:15  Probe  
  59  6:21  High Templar  
  59  6:22  Probe, Zealot x2  
  62  6:27  Probe  
  62  6:32  Pylon  
  61  6:34  Pylon  
  61  6:36  Archon  
  61  6:39  Zealot  
  61  6:42  Immortal (Chrono Boost)  
  65  6:47  Zealot x2  
  65  6:50  Probe  
  65  6:54  Probe  
  71  7:03  Pylon  
  71  7:05  Probe (Chrono Boost)  
  72  7:08  Probe (Chrono Boost)  
  72  7:09  Probe (Chrono Boost)  
  72  7:10  Gateway  
  72  7:11  Gateway  
  72  7:13  Gateway  
  72  7:14  Forge  
  72  7:15  Sentry x2  
  78  7:16  Gateway, Sentry  
  78  7:19  Zealot  
  82  7:24  Immortal (Chrono Boost)  
  82  7:29  Probe x2 (Chrono Boost)  
  88  7:32  Probe (Chrono Boost)  
  89  7:40  Probe (Chrono Boost)  
  89  7:41  Probe (Chrono Boost)  
  89  7:42  Probe (Chrono Boost)  
  92  7:45  Probe x2 (Chrono Boost)  
  92  7:46  Shield Battery, Probe (Chrono Boost)  
  92  7:47  High Templar x2  
  92  7:49  Zealot  
  101  7:51  Archon  
  101  7:58  Zealot  
  101  8:00  Observer  
  101  8:01  Assimilator, Protoss Ground Weapons Level 1 (Chrono Boost)  
  101  8:03  Pylon  
  101  8:05  Assimilator  
  104  8:13  Zealot x5  
  104  8:15  Probe  
  104  8:16  Probe x2  
  117  8:22  Observer  
  118  8:28  Probe x3  
  118  8:32  Psionic Storm  
  121  8:37  Pylon  
  121  8:39  Pylon  
  121  8:40  Probe  
  121  8:41  High Templar  
  124  8:42  Pylon  
  124  8:44  Probe  
  124  8:46  Gateway  
  124  8:47  Gateway  
  126  8:55  Probe  
  126  8:56  High Templar  
  126  8:58  High Templar  
  130  9:11  Nexus  
  130  9:16  Gateway  
  130  9:17  Gateway  
  130  9:18  Photon Cannon  
  130  9:22  Pylon  
  130  9:23  High Templar x2  
  134  9:26  Zealot x4  
  134  9:30  Archon  
  142  9:36  Zealot  
  143  9:55  Stalker x4  
  143  9:56  Stalker x3  
  157  10:04  Pylon  
  157  10:05  Pylon  
  155  10:26  Photon Cannon  
  149  10:36  Stalker  
  149  10:37  Stalker x5  
  161  10:48  Protoss Ground Weapons Level 2 (Chrono Boost)  
  161  10:53  Photon Cannon  
  161  10:54  Photon Cannon  
  161  11:01  Probe x3  
  161  11:02  Probe  
  165  11:08  Photon Cannon x2  
  165  11:10  Gateway  
  165  11:11  Assimilator x2, Stalker  
  167  11:16  Shield Battery  
  167  11:18  Immortal (Chrono Boost)  
  167  11:25  Robotics Facility  
  171  11:29  Zealot x3  
  171  11:30  Zealot  
  179  11:43  High Templar x4  
  187  11:52  Pylon  
  187  11:53  Pylon  
  185  12:05  Immortal  
  185  12:06  Observer  
  185  12:10  Fleet Beacon  
  185  12:14  Stargate  
  181  12:18  Stargate  
  181  12:20  Gateway  
  181  12:21  Probe x4  
  181  12:22  Pylon  
  185  12:31  Zealot x3  
  185  12:32  Zealot  
  185  12:33  Probe x2  
  195  12:53  Immortal  
  197  13:12  Zealot x4  
  158  13:30  Zealot x6  
  158  13:31  Zealot x4  
  158  13:32  Probe  
  148  14:03  Zealot x3  
  148  14:09  Zealot x2  
  150  14:10  Zealot x9  
  150  14:12  Mothership (Chrono Boost)  
  176  14:23  Probe x3 (Chrono Boost)  
  169  14:34  Probe x3 (Chrono Boost)  
  169  14:35  Carrier x2  
  148  14:39  Probe x3 (Chrono Boost)  
  147  14:47  Stalker x5  
  155  14:54  Immortal (Chrono Boost)  
  134  15:15  Archon  
  134  15:18  Zealot x4  
  134  15:19  Zealot x2  
  140  15:21  High Templar x7  
  150  15:30  Probe x2  
  150  15:33  Probe  
  149  15:42  Probe  
  150  15:47  Probe x2  
  152  15:53  Observer  
  152  15:54  Probe  
  152  15:55  Carrier  
  159  15:58  High Templar x4  
  159  15:59  High Templar, Probe  
  159  16:00  Zealot  
  172  16:06  Probe x3  
  175  16:20  Observer  
  175  16:31  Zealot x2  
  175  16:32  Zealot x8  
  193  16:45  Immortal  
  183  17:04  Stalker x5  
  183  17:05  Stalker  
  180  17:15  Archon x2  
  180  17:16  Archon  
  180  17:24  Observer x2  
Tags
 
Add a new tag
Caveats
  • Supply blocks, unpowered buildings, or Contaminate may cause inaccurate times.
  • Supply counts are checked every 10 seconds.